 Dungeon Crawl Stone Soup version 0.25.1-9-gc5326a611f (webtiles) character file.

Game seed: 8629005625255194638

2974 sahdkjhfkaj the Markscentaur (level 9, -18/75 HPs)
             Began as a Centaur Hunter on Dec 27, 2020.
             Was a Believer of Okawaru.
             Demolished by an orc warrior
             ... wielding a +0 war axe
              (25 damage)
             ... on level 7 of the Dungeon.
             The game lasted 00:11:32 (10542 turns).

sahdkjhfkaj the Markscentaur (Centaur Hunter)      Turns: 10542, Time: 00:11:32

Health: -18/75     AC:  7    Str: 17    XL:     9   Next: 53%
Magic:  9/9        EV:  7    Int: 10    God:    Okawaru [**....]
Gold:   327        SH:  0    Dex: 11    Spells: 8/8 levels left

rFire    . . .     SeeInvis .   b - +0 short sword
rCold    . . .     Gourm    .   (no shield)
rNeg     . . .     Faith    .   j - +0 scale mail
rPois    .         Spirit   .   (no helmet)
rElec    .         Reflect  .   x - +0 cloak (curse)
rCorr    +         Harm     .   (no gloves)
MR       +....                  (no barding)
Stlth    ..........             h - amulet of magic regeneration
HPRegen  0.22/turn              l - ring of protection from magic
MPRegen  0.36/turn              y - ring of resist corrosion

@: very quick
A: large, hooves 3, deformed body, speed 2, tough skin 3
a: Heroism, Renounce Religion


You were on level 7 of the Dungeon.
You worshipped Okawaru.
Okawaru was pleased with you.
You were not hungry.

You visited 2 branches of the dungeon, and saw 8 of its levels.

You collected 327 gold pieces.

Inventory:

Hand Weapons
 a - a +0 shortbow of flaming
 b - a +0 short sword (weapon)
Missiles
 d - 117 arrows
Armour
 j - a +0 scale mail (worn)
 x - a cursed +0 cloak (worn)
Jewellery
 h - an amulet of magic regeneration (around neck)
 l - a ring of protection from magic (left hand)
 y - a ring of resist corrosion (right hand)
Wands
 s - a wand of paralysis (2)
 B - a wand of enslavement (8)
 E - a wand of acid (10)
Scrolls
 f - a scroll of vulnerability {unknown}
 i - 2 scrolls of fog
 n - 5 scrolls of remove curse
 q - a scroll of teleportation {!r}
 t - a scroll of fear
 v - a scroll of random uselessness {unknown}
 w - a scroll of magic mapping {unknown}
 z - a scroll of amnesia {unknown}
 C - a scroll of enchant weapon {unknown}
 D - a scroll of enchant armour {unknown}
Potions
 c - a potion of might {unknown}
 g - a potion of brilliance {unknown}
 k - a potion of mutation {unknown}
 m - a potion of flight {unknown}
 o - a potion of ambrosia {unknown}
 p - a potion of degeneration {unknown}
 r - a potion of stabbing {unknown}
 u - a potion of magic {unknown}
Comestibles
 e - 8 rations


   Skills:
 - Level 6.0 Fighting
 + Level 15.5 Bows
 - Level 1.3 Dodging
 - Level 0.4 Stealth


You had 8 spell levels left.
You didn't know any spells.
Your spell library was empty.

Dungeon Overview and Level Annotations

Branches:
Dungeon (7/15)             Temple (1/1) D:6

Altars:
Cheibriados
Elyvilon
Fedhas
Gozag
Hepliaklqana
Kikubaaqudgha
Makhleb
Nemelex Xobeh
Okawaru
Qazlal
Ru
Trog
Uskayaw
Vehumet
Wu Jian
Xom
Yredelemnul
Zin
The Shining One

Shops:
D:5 %

Annotations:
D:7 Harold


Innate Abilities, Weirdness & Mutations

You have hooves in place of feet.
Armour fits poorly on your strangely shaped body.
You cover ground very quickly.
You have extremely tough skin. (AC +3)


Message History

You kick the orc warrior, but do no damage.
The orc warrior is lightly wounded.
The orc warrior hits you with a +0 war axe!!
You hit the orc warrior but do no damage.
You kick the orc warrior, but do no damage.
The orc warrior is lightly wounded.
The orc warrior hits you with a +0 war axe.
* * * LOW HITPOINT WARNING * * *
You hit the orc warrior but do no damage.
You kick the orc warrior!
The orc warrior is heavily wounded.
The orc warrior barely misses you.
You hit the orc warrior but do no damage.
The orc warrior is heavily wounded.
The orc warrior hits you with a +0 war axe!
* * * LOW HITPOINT WARNING * * *
You hit the orc warrior but do no damage.
The orc warrior is heavily wounded.
The orc warrior hits you with a +0 war axe!!
You die...

.##.### ##(.>#######
.#<...# #..@.# .######
#5#### ......# #(#
.####.# #.# .####.# #..
.#....# ### .#.####
############## # .#.#
....ooo@.....# . .#.#
###############.#.# .#.#
#...#.........#.#.###
.#.#
#^#.#.#######.#.#...#
.#.# #.#.#.# #.#..<#
.#.# #.#.#.# #.#...#
##.# #.#.#.# #.#†#.#
#.####.#<#.# #.#.#.#
#.....[....#######.#.#.#


You could see an orc warrior and 2 orcs.

Vanquished Creatures
  Pikel (D:7)
  Maggie (D:7)
  A spriggan (D:7)
  An orc warrior (D:7)
  3 ogres
  4 centaurs
  A phantom (D:2)
  5 bullfrogs
  A gnoll sergeant (D:5)
  2 scorpions
  6 howler monkeys
  3 crimson imps
  An orc priest (D:7)
  A hound (D:6)
  3 orc wizards
  An iguana (D:5)
  A worker ant (D:6)
  A hound zombie (D:5)
  Robin (D:4)
  4 gnolls
  A howler monkey skeleton (D:6)
  9 adders
  4 shadow imps
  3 oozes
  A worm (D:2)
  3 dart slugs
  4 leopard geckos
  16 orcs
  3 ball pythons
  5 bats
  3 giant cockroaches
  19 goblins
  10 hobgoblins
  12 jackals
  13 kobolds
  3 quokkas
  9 frilled lizards
  3 rats
163 creatures vanquished.

Vanquished Creatures (others)
  2 slaves (D:7)
  Menkaure (D:7)
  A bullfrog (D:7)
  A crimson imp (D:7)
  A human zombie (D:7)
  An orc wizard (D:7)
  An adder (D:7)
  2 leopard geckos (D:7)
  An orc (D:7)
  A giant cockroach (D:7)
12 creatures vanquished.

Grand Total: 175 creatures vanquished

Notes
Turn   | Place    | Note
-------+----------+-------------------------------------------
     0 | D:1      | sahdkjhfkaj the Centaur Hunter began the quest for the Orb.
     0 | D:1      | Reached XP level 1. HP: 17/17 MP: 1/1
   350 | D:2      | Reached XP level 2. HP: 18/26 MP: 2/2
   604 | D:2      | Noticed a phantom
   630 | D:2      | Killed a phantom
   630 | D:2      | Reached XP level 3. HP: 7/35 MP: 3/3
   630 | D:2      | Reached XP level 4. HP: 8/41 MP: 4/4
   956 | D:2      | Reached skill level 5 in Fighting
  1407 | D:3      | Reached XP level 5. HP: 44/48 MP: 5/5
  1458 | D:4      | Noticed a centaur
  1478 | D:4      | Killed a centaur
  2665 | D:3      | Reached skill level 6 in Bows
  2694 | D:3      | Reached XP level 6. HP: 50/57 MP: 6/6
  3542 | D:4      | Reached skill level 7 in Bows
  3904 | D:4      | Noticed Robin
  3912 | D:4      | Killed Robin
  4269 | D:5      | Entered Level 5 of the Dungeon
  4462 | D:5      | Found Ymuj's Food Shop.
  4484 | D:5      | Reached skill level 8 in Bows
  4857 | D:5      | Reached XP level 7. HP: 63/63 MP: 7/7
  4865 | D:5      | Reached skill level 9 in Bows
  5438 | D:5      | Reached skill level 10 in Bows
  6382 | D:6      | Reached skill level 11 in Bows
  6382 | D:6      | Reached XP level 8. HP: 42/70 MP: 8/8
  6551 | D:6      | Found a glowing drain.
  7022 | D:6      | Found a glowing silver altar of Zin.
  7288 | D:6      | Found a sacrificial altar of Ru.
  7335 | D:6      | Reached skill level 12 in Bows
  8116 | D:6      | Found a staircase to the Ecumenical Temple.
  8209 | Temple   | Entered the Ecumenical Temple
  8328 | Temple   | Became a worshipper of Warmaster Okawaru
  8566 | D:7      | Noticed Pikel
  8583 | D:7      | Killed Pikel
  8583 | D:7      | Reached * piety under Okawaru
  8583 | D:7      | Reached skill level 13 in Bows
  8758 | D:7      | Reached XP level 9. HP: 74/75 MP: 9/9
  8846 | D:7      | Killed Menkaure
  8882 | D:7      | Reached skill level 14 in Bows
  9243 | D:7      | Noticed Maggie
  9288 | D:7      | Killed Maggie
  9501 | D:7      | Reached skill level 15 in Bows
  9531 | D:7      | Reached ** piety under Okawaru
  9619 | D:7      | Noticed Harold
  9673 | D:6      | Found a hazy altar of Hepliaklqana.
  9694 | D:6      | HP: 1/75 [orc warrior/+0 glaive (21)]
 10129 | D:7      | Found a stormy altar of Qazlal.
 10542 | D:7      | Demolished by an orc warrior

Illustrated notes

Levels and vault maps discovered:
D:1:      elethiomel_arrival_maze, layout_basic, serial_forest,
          infiniplex_forest_lined_corner, infiniplex_forest_lined_room_2,
          infiniplex_forest_end_1, infiniplex_forest_clump_medium,
          infiniplex_forest_straight_4, infiniplex_forest_clump_medium
D:2:      layout_basic, serial_bayou_crossing
D:3:      corexii_shack_village, layout_basic, bh_walls_and_bars
D:4:      layout_basic, hangedman_decor_riveting, uniq_robin
D:5:      layout_loops_cross, first_ration, serial_shops, shop
D:6:      layout_basic, lemuel_crystal_altar, nicolae_overflow_hidden_temple,
          minmay_temple_entry_statues_pillars, portal_sewer_entry_a
D:7:      layout_basic, kennysheep_mini_moat, enter_ossuary_3, the_bakery,
          uniq_harold, uniq_maggie, uniq_pikel, uniq_menkaure
Temple:   regret_index_temple_waves

Skill      XL: |  1  2  3  4  5  6  7  8  9 |
---------------+----------------------------+-----
Fighting       | 3 4 5 6 |  6.0
Bows           | 6 8 11 13 15 | 15.5
Dodging        | |  1.3
Stealth        | |  0.4

Action                   |  1- 3 |  4- 6 |  7- 9 || total
-------------------------+-------+-------+-------++-------
Melee: Short sword       |    21 |   224 |   331 ||   576
       Kick              |     4 |    51 |    87 ||   142
 Fire: Shortbow          |    18 |    57 |   106 ||   181
Evoke: Wand              |       |       |     1 ||     1
  Use: Scroll            |       |     4 |     4 ||     8
       Potion            |       |     1 |     4 ||     5
 Stab: Paralysed         |       |       |     2 ||     2
  Eat: Chunk             |       |     9 |    11 ||    20
       Ration            |       |       |     2 ||     2
Armor: Scale mail        |    12 |   131 |   197 ||   340
       Leather armour    |     1 |       |       ||     1
Dodge: Dodged            |    12 |   122 |   149 ||   283
